 Dungeon Crawl Stone Soup version 0.26-a0-720-g2a1d101370 (webtiles) character file.

Game seed: 6426300759013494841

564 jestyr24 the Chiller (level 7, -10/49 HPs)
             Began as a Merfolk Ice Elementalist on Nov 3, 2020.
             Was an Initiate of Qazlal.
             Mangled by Menkaure (21 damage)
             ... on level 4 of the Dungeon.
             The game lasted 00:25:54 (4150 turns).

jestyr24 the Chiller (Merfolk Ice Elementalist)     Turns: 4150, Time: 00:25:54

Health: -10/49     AC:  2    Str:  9    XL:     7   Next: 32%
Magic:  21/22      EV: 14    Int: 16    God:    Qazlal [......]
Gold:   90         SH:  0    Dex: 14    Spells: 10/14 levels left

rFire    . . .     SeeInvis .   m - +0 spear
rCold    . . .     Faith    .   (no shield)
rNeg     . . .     Spirit   .   a - +0 robe
rPois    .         Reflect  .   (no helmet)
rElec    .         Harm     .   (no cloak)
rCorr    .         Rampage  .   (no gloves)
MR       .....                  (no boots)
Stlth    ++........             (no amulet)
HPRegen  0.16/turn              b - ring of magical power
MPRegen  0.18/turn              (no ring)

@: no status effects
A: change form in water, swift swim, stealthy swim
a: Renounce Religion


You were on level 4 of the Dungeon.
You worshipped Qazlal.
Qazlal was noncommittal.
You visited 2 branches of the dungeon, and saw 5 of its levels.

You collected 90 gold pieces.

Inventory:

Hand Weapons
 m - a +0 spear (weapon)
 x - a +2 dagger of venom
 y - a +0 spear
Missiles
 g - 97 stones (quivered)
 j - 18 sling bullets
 q - 2 boomerangs
Armour
 a - a +0 robe (worn)
 h - a +0 troll leather armour
 l - a +0 leather armour
Jewellery
 b - a ring of magical power (left hand)
 o - a cursed amulet of inaccuracy {unknown}
Wands
 r - a wand of polymorph (3)
Scrolls
 d - 2 scrolls of fog {unknown}
 e - 2 scrolls of amnesia {unknown}
 f - 3 scrolls of blinking {unknown}
 i - 4 scrolls of identify {unknown}
 k - a scroll of enchant weapon {unknown}
 t - 2 scrolls of remove curse {unknown}
 w - 2 scrolls of random uselessness {unknown}
Potions
 n - a potion of degeneration {unknown}
 p - a potion of lignification {unknown}
 s - a potion of ambrosia {unknown}
 u - a potion of resistance {unknown}
 v - a potion of stabbing {unknown}


   Skills:
 * Level 1.6 Fighting
 * Level 2.3 Polearms
 * Level 1.0 Armour
 * Level 4.2 Dodging
 * Level 3.4 Stealth
 * Level 4.3 Spellcasting
 * Level 6.3 Ice Magic


You had 10 spell levels left.
You knew the following spells:

 Your Spells              Type           Power        Failure   Level
a - Freeze                Ice            ###.         1%          1
b - Frozen Ramparts       Ice            ###...       3%          3

Your spell library contained the following spells:

 Spells                   Type           Power        Failure   Level
 Ozocubu's Armour         Ice            ###.....     3%          3
 Hailstorm                Conj/Ice       ##......     41%         4
 Summon Ice Beast         Ice/Summ       ##......     41%         4


Dungeon Overview and Level Annotations

Branches:
Dungeon (4/15)             Temple (1/1) D:4

Altars:
Ashenzari
Cheibriados
Elyvilon
Fedhas
Gozag
Hepliaklqana
Makhleb
Nemelex Xobeh
Okawaru
Qazlal
Ru
Trog
Uskayaw
Xom
Yredelemnul
Zin

Annotations:
D:4 Menkaure


Message History

You barely miss Menkaure.
Menkaure is severely damaged.
Menkaure resists.
The wall freezes Menkaure.
Menkaure casts a spell at you.
You struggle to resist.
You barely miss Menkaure.
Menkaure is severely damaged.
Menkaure resists.
The wall freezes Menkaure.
Menkaure barely misses you.
You closely miss Menkaure.
Menkaure is almost destroyed.
The frozen ramparts melt away.
Menkaure gestures at you while chanting.
You struggle to resist.
You hit Menkaure but do no damage.
Menkaure is almost destroyed.
Menkaure misses you.
You hit Menkaure but do no damage.
Menkaure is almost destroyed.
Menkaure hits you!!
You die...

##..##.#
#....#
#..###.#
##....# #.##
#.###..##.#
#.#
#.....###.#
#.# ##..###
#.# #.#
##..# ###.#
#># #...#
#...# ##.#
#.#.# ##.###
###@.#
#.#.####.#.#
#.M.##
#.#.........
##.###
#.#....#.#.#
#..#
..#....#.#.#
#.##
.##....#.###
#..#
##.......# #
##.#
>..#####.###
#.# .##
#.... #.#
#..⌠.


You could see Menkaure (fast).

Vanquished Creatures
  2 ogres
  A hound (D:2)
  An orc priest (D:4)
  Jessica (D:2)
  3 orc wizards (D:3)
  A worker ant (D:4)
  Robin (D:4)
  4 gnolls (D:4)
  4 adders
  2 oozes
  2 worms (D:2)
  2 dart slugs
  3 leopard geckos
  7 orcs
  6 giant cockroaches
  8 hobgoblins
  11 jackals
  11 kobolds
  A quokka (D:2)
  2 ball pythons
  4 bats
  3 frilled lizards
  15 goblins
  3 leopard gecko skeletons (D:4)
  6 rats
104 creatures vanquished.

Notes
Turn   | Place    | Note
-------+----------+-------------------------------------------
     0 | D:1      | jestyr24 the Merfolk Ice Elementalist began the quest for
                  | the Orb.
     0 | D:1      | Reached XP level 1. HP: 13/13 MP: 3/3
   315 | D:1      | Reached XP level 2. HP: 18/19 MP: 5/5
   637 | D:1      | Reached XP level 3. HP: 24/24 MP: 6/6
   638 | D:1      | Reached skill level 5 in Ice Magic
  1062 | D:1      | Learned a level 3 spell: Frozen Ramparts
  1360 | D:2      | Reached XP level 4. HP: 30/30 MP: 8/8
  1638 | D:2      | Noticed Jessica
  1651 | D:2      | Killed Jessica
  2518 | D:2      | Found a burning altar of Makhleb.
  2528 | D:2      | Reached skill level 1 in Polearms
  2528 | D:2      | Reached XP level 5. HP: 29/36 MP: 9/9
  2650 | D:3      | Reached skill level 1 in Fighting
  2699 | D:3      | Noticed an ogre
  2712 | D:3      | Killed an ogre
  2712 | D:3      | Reached XP level 6. HP: 18/43 MP: 11/11
  3528 | D:4      | Reached skill level 1 in Armour
  3528 | D:4      | Reached skill level 6 in Ice Magic
  3528 | D:4      | Reached XP level 7. HP: 46/48 MP: 12/12
  3698 | D:4      | Found a staircase to the Ecumenical Temple.
  3713 | D:4      | Noticed Robin
  3732 | D:4      | Killed Robin
  3917 | Temple   | Entered the Ecumenical Temple
  3970 | Temple   | Became a worshipper of Qazlal Stormbringer
  4120 | D:4      | Noticed Menkaure
  4150 | D:4      | Mangled by Menkaure

Illustrated notes

Levels and vault maps discovered:
D:1:      lightli_arrival_maybe_door_vault, layout_basic,
          minmay_misc_feat_enclosed, minmay_tetromino_l2
D:2:      minmay_inner_zag, layout_basic, serial_park_tiny_1,
          grunt_ministairs_6, minmay_misc_feat_x, makhleb_heckhound_becter,
          uniq_jessica
D:3:      layout_rooms
D:4:      layout_rooms, minmay_temple_entry_junction, serial_shops, shop,
          kennysheep_generic_room_8, uniq_pikel, uniq_menkaure, uniq_robin
Temple:   compressed_dpeg_circular_temple

Skill      XL: |  1  2  3  4  5  6  7 |
---------------+----------------------+-----
Dodging        | 3 4 |  4.2
Ice Magic      | 5 6 |  6.3
Spellcasting   | 3 4 |  4.3
Polearms       | 1 2 |  2.3
Stealth        | 3 |  3.4
Fighting       | 1 |  1.6
Armour         | 1 |  1.0

Action                   |  1- 3 |  4- 6 |  7- 9 || total
-------------------------+-------+-------+-------++-------
Melee: Spear             |       |    57 |    27 ||    84
Throw: Stone             |       |     7 |    20 ||    27
 Cast: Freeze            |    62 |    24 |    23 ||   109
       Frozen Ramparts   |     1 |    12 |     7 ||    20
  Use: Potion            |       |       |     1 ||     1
 Stab: Sleeping          |       |     1 |       ||     1
Armor: Robe              |     8 |     9 |       ||    17
Dodge: Dodged            |    39 |    50 |    30 ||   119

Table legend: (Time is in decaauts)
 A = Elapsed time spent in this place.
 B = Non-inter-level travel time spent in this place.
 C = Inter-level travel time spent in this place.
 D = Time resting spent in this place.
 E = Time spent auto-exploring this place.
 F = Levels seen in this place.
 G = Mean time per level.
                   A        B        C        D        E       F      G
               +--------+--------+--------+--------+--------+-----+--------+
         Total |   4153 |   4040 |    113 |   1328 |   1332 |   5 |  830.6 |
       Dungeon |   4079 |   3979 |    100 |   1328 |   1332 |   4 | 1019.8 |
        Temple |     73 |     60 |     13 |      0 |      0 |   1 |   73.0 |
               +--------+--------+--------+--------+--------+-----+--------+

Top non-repeatable levels by time:
     D:2: 1521 daAuts
     D:1: 1113 daAuts
     D:3: 865 daAuts
     D:4: 578 daAuts
  Temple: 73 daAuts
